 Dungeon Crawl Stone Soup version 0.20.1-1-g8b1a95d (webtiles) character file.

2606 keltmir the Basher (level 9, 0/82 HPs)
             Began as a Hill Orc Fighter on Oct 27, 2017.
             Slain by a hornet (2 damage)
             ... while paralysed by a hornet
             ... on level 8 of the Dungeon on Oct 28, 2017.
             The game lasted 00:29:53 (8206 turns).

keltmir the Basher (Hill Orc Fighter)               Turns: 8206, Time: 00:29:54

Health: 0/82       AC:  7    Str: 27    XL:     9   Next: 59%
Magic:  9/9        EV:  2    Int:  8    God:
Gold:   379        SH:  0    Dex: 10    Spells: 8/8 levels left

rFire    . . .     SeeInvis .   t - +3 mace (chaos)
rCold    . . .     Gourm    .   j - +0 buckler
rNeg     . . .     Faith    .   b - +1 scale mail
rPois    .         Spirit   .   (no helmet)
rElec    .         Reflect  .   (no cloak)
rCorr    .         Harm     .   (no gloves)
MR       +....                  (no boots)
Stlth    ..........             (no amulet)
Regen    0.3/turn               l - ring of protection from magic
MPRegen  0.2/turn               (no ring)

@: paralysed, mighty, slowed, drained
A: no striking features
a: no special abilities


You were on level 8 of the Dungeon.
You were not hungry.

You visited 2 branches of the dungeon, and saw 9 of its levels.

You collected 379 gold pieces.

Inventory:

Hand Weapons
 a - a +1 war axe
 t - a +3 mace of chaos (weapon)
 u - a +4 dire flail
Missiles
 w - 4 tomahawks (quivered)
Armour
 b - a +1 scale mail (worn)
 c - a +0 shield
 j - a +0 buckler (worn)
 G - a +0 plate armour
Jewellery
 l - a ring of protection from magic (left hand)
 x - an uncursed amulet of rage
 y - an uncursed amulet of faith
 D - an uncursed ring of wizardry {unknown}
 E - a cursed ring of teleportation {unknown}
 F - an uncursed amulet of the gourmand {unknown}
 J - an uncursed ring of ice {unknown}
Wands
 m - a wand of disintegration (17/24)
 p - a wand of polymorph (5/24)
 B - a wand of polymorph (0/24)
Scrolls
 g - 2 scrolls of remove curse
 v - 3 scrolls of enchant armour
 H - a scroll of teleportation
 I - 2 scrolls of immolation
 M - a scroll of identify
Potions
 e - 2 potions of lignification {unknown}
 h - a potion of flight {unknown}
 n - a potion of heal wounds {unknown}
 o - 3 potions of curing
 q - a potion of magic {unknown}
 r - a potion of haste {unknown}
 s - 3 potions of degeneration {unknown}
 z - a potion of invisibility {unknown}
 C - 2 potions of berserk rage {unknown}
 L - 2 potions of mutation {unknown}
Books
 A - a book of Misfortune

   Spells                             Type                      Level
   a - Confusing Touch                Hexes                        1
   b - Confuse                        Hexes                        3
   c - Gell's Gravitas                Translocation                3
   d - Petrify                        Transmutation/Earth          4
   e - Metabolic Englaciation         Hexes/Ice                    5
   f - Yara's Violent Unravelling     Hexes/Transmutation          5
 N - a book of Necromancy

   Spells                             Type                      Level
   a - Pain                           Necromancy                   1
   b - Animate Skeleton               Necromancy                   1
   c - Vampiric Draining              Necromancy                   3
   d - Regeneration                   Charms/Necromancy            3
   e - Animate Dead                   Necromancy                   4
   f - Control Undead                 Necromancy                   4
Comestibles
 f - a bread ration
 i - 5 meat rations
 k - 7 fruits
 K - 2 royal jellies


   Skills:
 + Level 8.9(8.3) Fighting
 - Level 6.5(9.2) Axes
 * Level 9.7(9.6) Maces & Flails
 - Level 3.7(3.1) Armour
 - Level 0.4(0.0) Dodging
 - Level 4.9(4.3) Shields


You had 8 spell levels left.
You didn't know any spells.

Dungeon Overview and Level Annotations

Branches:
Dungeon (8/15)             Temple (1/1) D:4
   Lair: D:8-11

Altars:
Ashenzari
Cheibriados
Elyvilon
Fedhas
Hepliaklqana
Kikubaaqudgha
Makhleb
Okawaru
Qazlal
Ru
Sif Muna
Trog
Uskayaw
Vehumet
Xom
Yredelemnul
Zin
The Shining One


Message History

The hornet closely misses you. The hornet barely misses you.
The hornet stings you!
* * * LOW HITPOINT WARNING * * *
You are more poisoned.
You feel as though you will be slow longer.
You feel better. The hornet closely misses you. The hornet stings you.
* * * LOW HITPOINT WARNING * * *
You feel as though you will be slow longer.
The hornet stings you but does no damage.
The hornet stings you.
* * * LOW HITPOINT WARNING * * *
You feel as though you will be slow longer.
The hornet stings you!
* * * LOW HITPOINT WARNING * * *
You suddenly lose the ability to move!
The hornet stings you.
* * * LOW HITPOINT WARNING * * *
You feel as though you will be slow longer.
The hornet stings you.
You die...

........
#......#
#......#
#......#
#......#####
#..........#
#..........#
#..yy......#
#..@##.###.#
#...##†#
#...#.#.#
###.## #.#
#.# ## #.#
#.# #.# #.#


You could see 2 hornets.

Vanquished Creatures
  Grinder (D:4)
  Prince Ribbit (D:6)
  Sigmund (D:2)
  A basilisk (D:6)
  Menkaure (D:4)
  An ice beast (D:6)
  3 phantoms
  An ogre (D:6)
  A centaur (D:7)
  2 bullfrogs
  5 killer bees (D:7)
  4 wights (D:6)
  A centaur zombie (D:5)
  A crimson imp (D:7)
  2 hounds
  An orc priest (D:3)
  6 orc wizards
  2 bullfrog skeletons
  Jessica (D:3)
  An iguana (D:4)
  Ijyb (D:3)
  3 worker ants
  A hound skeleton (D:6)
  Robin (D:2)
  A howler monkey skeleton (D:4)
  8 adders
  2 oozes (D:3)
  2 adder zombies (D:7)
  2 worms
  A dart slug (D:3)
  7 leopard geckos
  25 orcs
  3 giant cockroaches
  16 goblins
  11 hobgoblins
  25 jackals
  A quokka (D:4)
  2 ball pythons
  11 bats
  10 frilled lizards
  3 kobolds
  2 leopard gecko skeletons
  3 quokka zombies
  8 rats
186 creatures vanquished.

Vanquished Creatures (others)
  4 plants
4 creatures vanquished.

Grand Total: 190 creatures vanquished

Notes
Turn   | Place    | Note
-------+----------+-------------------------------------------
     0 | D:1      | keltmir the Hill Orc Fighter began the quest for the Orb.
     0 | D:1      | Reached XP level 1. HP: 19/19 MP: 1/1
   311 | D:1      | Reached XP level 2. HP: 25/27 MP: 2/2
   560 | D:1      | Reached XP level 3. HP: 32/33 MP: 3/3
   918 | D:2      | Noticed Sigmund
  1050 | D:2      | You fall through a shaft for 2 floors!
  1145 | D:3      | Noticed Ijyb
  1152 | D:3      | Killed Ijyb
  1152 | D:3      | Reached XP level 4. HP: 39/40 MP: 4/4
  1392 | D:3      | Reached XP level 5. HP: 46/46 MP: 5/5
  1555 | D:2      | Noticed Robin
  1563 | D:2      | Reached skill level 5 in Axes
  1609 | D:2      | Killed Robin
  1910 | D:2      | Killed Sigmund
  1910 | D:2      | Reached XP level 6. HP: 54/55 MP: 6/6
  2244 | D:3      | Noticed Jessica
  2256 | D:3      | Killed Jessica
  2389 | D:3      | Found a basalt altar of Yredelemnul.
  2533 | D:3      | Reached skill level 5 in Fighting
  2921 | D:4      | Noticed Menkaure
  2928 | D:4      | Killed Menkaure
  2928 | D:4      | Reached skill level 2 in Maces & Flails
  2928 | D:4      | Reached XP level 7. HP: 50/61 MP: 7/7
  3135 | D:4      | Reached skill level 3 in Maces & Flails
  3202 | D:4      | Reached skill level 4 in Maces & Flails
  3800 | D:4      | Reached skill level 5 in Maces & Flails
  3800 | D:4      | Reached XP level 8. HP: 40/71 MP: 8/8
  4384 | D:4      | Noticed Grinder
  4415 | D:4      | Paralysed by Grinder for 6 turns
  4423 | D:4      | Found a staircase to the Ecumenical Temple.
  4432 | D:4      | Killed Grinder
  4432 | D:4      | Reached skill level 6 in Maces & Flails
  4443 | Temple   | Entered the Ecumenical Temple
  4715 | D:5      | Entered Level 5 of the Dungeon
  4951 | D:5      | Found a glowing golden altar of the Shining One.
  5666 | D:6      | Reached skill level 7 in Maces & Flails
  5719 | D:6      | Noticed Prince Ribbit
  5735 | D:6      | Killed Prince Ribbit
  5897 | D:6      | Found a bloodstained altar of Trog.
  5944 | D:6      | Reached skill level 8 in Maces & Flails
  5944 | D:6      | Reached XP level 9. HP: 58/81 MP: 9/9
  6054 | D:6      | Found a radiant altar of Vehumet.
  6882 | D:7      | Reached skill level 9 in Maces & Flails
  7307 | D:7      | Found a white marble altar of Elyvilon.
  8198 | D:8      | Noticed a hornet
  8199 | D:8      | Noticed a hornet
  8205 | D:8      | Paralysed by a hornet for 3 turns
  8206 | D:8      | HP: 2/82 [hornet (4)]
  8206 | D:8      | Slain by a hornet

Skill      XL: |  1  2  3  4  5  6  7  8  9 |
---------------+----------------------------+-----
Axes           | 3 4 6 |  6.5
Fighting       | 4 5 6 7 8 |  8.9
Shields        | 4 |  4.9
Maces & Flails | 2 5 8 9 |  9.7
Armour         | |  3.7
Dodging        | |  0.4

Action                   |  1- 3 |  4- 6 |  7- 9 || total
-------------------------+-------+-------+-------++-------
Melee: War axe           |    98 |   153 |       ||   251
       Mace              |       |    16 |   372 ||   388
       Unarmed           |       |       |     6 ||     6
  Use: Scroll            |     2 |     3 |    11 ||    16
       Potion            |       |       |     6 ||     6
 Stab: Confused          |       |       |     2 ||     2
  Eat: Chunk             |     1 |     6 |     7 ||    14
       Bread ration      |       |       |     3 ||     3
Armor: Scale mail        |    51 |    86 |   122 ||   259
Dodge: Dodged            |    36 |    92 |   162 ||   290
Block: Shield            |    48 |       |       ||    48
       Buckler           |     7 |    48 |    78 ||   133
